Map: Frozen Temple

Players

Fropez - Winner!

  • Race: Protoss Protoss
  • League: Silver
  • Spawn Location: 5:00

Bless

  • Race: Terran Terran
  • League: Silver
  • Spawn Location: 11:00

VOD

Have the link to the VOD?

Description

Time

  • Played on: June 7, 2016, 7:16 p.m.
  • Length: 20:13
Show
View Real Time Build Order
Export as new Build Order

Fropez Protoss - Winner!

Build Orders:  

Get SALT Encoding   

  12  0:03  Probe (Chrono Boost)  
  13  0:20  Pylon  
  14  0:21  Probe (Chrono Boost)  
  14  0:35  Probe (Chrono Boost)  
  15  0:39  Gateway  
  15  0:45  Probe (Chrono Boost)  
  16  0:50  Assimilator  
  16  0:56  Probe (Chrono Boost)  
  17  1:06  Probe (Chrono Boost)  
  17  1:07  Pylon  
  18  1:17  Probe (Chrono Boost)  
  19  1:26  Cybernetics Core  
  19  1:38  Probe (Chrono Boost)  
  20  1:46  Gateway  
  20  1:47  Pylon  
  20  1:49  Probe (Chrono Boost)  
  21  1:56  Assimilator  
  21  2:00  Probe (Chrono Boost)  
  22  2:02  Warp Gate (Chrono Boost)  
  22  2:12  Gateway  
  22  2:16  Probe  
  22  2:25  Stalker  
  25  2:32  Mothership Core  
  26  2:41  Stalker  
  28  2:57  Probe  
  28  3:06  Stalker  
  28  3:09  Probe  
  28  3:12  Pylon  
  31  3:19  Stalker  
  33  3:22  Probe  
  34  3:28  Pylon  
  34  3:39  Twilight Council  
  32  4:28  Blink (Chrono Boost)  
  28  4:32  Probe  
  28  4:36  Gateway  
  29  4:39  Stalker x2  
  29  4:40  Nexus  
  29  4:44  Probe  
  34  5:03  Probe  
  35  5:16  Probe  
  36  5:26  Pylon  
  36  5:28  Probe  
  37  5:29  Pylon  
  37  5:38  Robotics Facility  
  37  5:40  Probe  
  38  5:43  Pylon  
  38  5:50  Probe  
  39  6:04  Probe  
  39  6:06  Assimilator  
  39  6:08  Assimilator  
  40  6:12  Gateway  
  40  6:14  Gateway x2  
  40  6:29  Observer  
  41  6:35  Stalker x4  
  43  7:00  Stalker x4  
  48  7:11  Probe  
  48  7:12  Probe  
  49  7:18  Stalker x3  
  49  7:21  Probe  
  40  8:05  Stalker x3  
  40  8:06  Stalker x3  
  40  8:11  Pylon  
  52  8:13  Pylon  
  52  8:21  Probe  
  52  8:22  Probe, Templar Archives  
  54  8:45  Probe  
  54  8:47  Probe  
  56  8:49  Warp Prism  
  58  8:57  Probe  
  59  9:05  High Templar, Psionic Storm  
  59  9:06  High Templar x4  
  59  9:07  Pylon  
  59  9:09  Archon  
  69  9:10  Archon  
  69  9:39  Stalker x4  
  77  10:10  High Templar x2  
  77  10:13  Zealot x4  
  79  10:48  Archon, Probe  
  79  10:49  Probe  
  81  11:02  Nexus  
  81  11:06  Assimilator  
  81  11:07  Assimilator  
  81  11:11  Pylon  
  81  11:12  Pylon  
  81  11:14  High Templar x2  
  81  11:18  Archon  
  83  11:36  Stalker x3  
  83  11:37  Stalker  
  83  11:38  Probe x2  
  89  11:42  Charge  
  89  11:58  Probe x2  
  89  11:59  Observer  
  93  12:02  Forge  
  93  12:03  Forge  
  93  12:05  Pylon x2  
  89  12:15  Probe  
  89  12:16  Probe  
  89  12:22  Stalker x5  
  98  12:23  Stalker  
  102  12:43  Pylon  
  100  12:57  Probe x2  
  100  12:58  Probe  
  102  13:18  Dark Shrine  
  102  13:19  Pylon, Protoss Ground Weapons Level 1 (Chrono Boost), Protoss Ground Armor Level 1 (Chrono Boost)  
  100  13:39  Zealot x4  
  100  13:40  Zealot x2  
  111  13:53  Probe x2  
  113  14:10  Gateway  
  113  14:12  Probe  
  113  14:13  Probe  
  113  14:14  Gateway  
  113  14:16  Gateway  
  115  14:19  Photon Cannon  
  115  14:21  Photon Cannon  
  115  14:23  Pylon  
  115  14:25  Nexus  
  115  14:28  Assimilator  
  115  14:29  Observer  
  115  14:30  Assimilator  
  114  14:35  High Templar x5  
  114  14:36  High Templar  
  114  14:38  Pylon  
  126  14:39  Archon x3  
  126  14:40  Pylon  
  126  15:01  Protoss Ground Armor Level 2 (Chrono Boost), Protoss Ground Weapons Level 2 (Chrono Boost)  
  126  15:16  Stalker x6  
  129  15:27  Zealot  
  129  15:28  Zealot x2  
  123  15:35  Probe x2  
  110  15:36  Probe  
  110  15:38  Probe  
  111  16:09  Dark Templar x3  
  117  16:14  Probe x2  
  117  16:16  Probe  
  120  16:25  Probe  
  115  16:41  Probe  
  115  16:42  Probe x2  
  118  17:00  Protoss Ground Weapons Level 3 (Chrono Boost)  
  118  17:01  Protoss Ground Armor Level 3 (Chrono Boost)  
  117  17:32  Stalker x3  
  117  17:33  Stalker x3  
  127  18:15  Stalker x2  
  127  18:16  Stalker x7  
  141  18:34  Probe  
  141  18:35  Probe  
  143  18:47  Stalker x5  
  107  19:25  Dark Templar  
  107  19:26  Dark Templar x3  
  104  19:50  Stalker x3  
Show
View Real Time Build Order
Export as new Build Order

Bless Terran 

Build Orders: Liberator Opening, MMM Bio 

Get SALT Encoding   

  12  0:01  SCV  
  13  0:14  SCV  
  14  0:19  Supply Depot  
  14  0:26  SCV  
  15  0:37  Refinery  
  15  0:45  Barracks  
  15  0:46  SCV  
  16  0:58  SCV  
  17  1:10  SCV  
  18  1:22  SCV  
  19  1:35  Reaper  
  19  1:39  SCV  
  21  1:40  Command Center  
  21  1:51  SCV  
  22  1:54  Refinery  
  22  2:01  Factory  
  22  2:21  Barracks Reactor  
  22  2:30  Orbital Command  
  22  2:56  Marine  
  22  2:57  Marine  
  24  3:07  SCV  
  24  3:09  SCV  
  24  3:11  Factory Tech Lab  
  24  3:12  Starport  
  26  3:14  Marine  
  26  3:18  Marine  
  29  3:20  SCV  
  29  3:21  SCV  
  30  3:32  SCV  
  30  3:33  SCV  
  32  3:35  Barracks  
  32  3:40  Barracks  
  31  3:44  Marine x2  
  32  3:52  Siege Tank  
  32  3:53  Liberator  
  31  4:18  Marine x2  
  31  4:32  SCV  
  31  4:36  Marine x2  
  34  4:41  SCV  
  36  4:54  Marine  
  36  5:00  Supply Depot  
  35  5:09  Starport Reactor  
  35  5:10  Siege Tank  
  35  5:11  Orbital Command  
  38  5:21  SCV  
  38  5:23  Supply Depot  
  39  5:28  Marine x2  
  39  5:30  Barracks Tech Lab x2  
  41  5:49  Medivac x2  
  45  5:53  Marauder  
  45  5:55  Stimpack  
  47  5:59  Marine  
  48  6:22  Marine x2  
  47  7:06  SCV x2  
  48  7:08  Siege Tank  
  48  7:14  Marine x2, Marauder x2  
  53  7:18  SCV  
  54  7:39  Supply Depot  
  54  7:40  Supply Depot  
  54  7:43  Marine  
  54  7:44  Marine  
  54  7:47  Marauder  
  54  7:48  Medivac  
  54  7:50  Marauder  
  53  7:52  Siege Tank  
  53  7:56  Orbital Command  
  52  8:01  Marine  
  51  8:20  SCV  
  51  8:21  SCV  
  53  8:44  Marine x2, Marauder x2  
  59  8:51  Combat Shields  
  59  8:59  SCV x2  
  59  9:02  Marine x2  
  62  9:05  Marauder x2  
  67  9:20  SCV x2  
  69  9:32  SCV  
  70  9:44  Engineering Bay  
  70  9:45  Supply Depot  
  70  9:47  Engineering Bay  
  70  10:06  Marine x2, Siege Tank, Viking, SCV  
  78  10:11  Supply Depot  
  78  10:15  Supply Depot, Terran Infantry Weapons Level 1  
  78  10:16  Supply Depot, Terran Infantry Armor Level 1  
  78  10:25  Supply Depot  
  78  10:26  SCV  
  78  10:27  SCV  
  77  10:29  Marauder  
  77  10:32  Marauder  
  77  10:33  Liberator  
  78  10:38  SCV  
  78  11:03  Sensor Tower  
  74  12:21  Command Center  
  74  12:26  Missile Turret  
  74  12:32  Missile Turret  
  74  12:34  Missile Turret  
  74  12:44  Marine x4  
  74  12:46  Missile Turret  
  78  12:53  Sensor Tower  
  78  12:57  Missile Turret  
  78  12:58  SCV x2  
  80  13:02  Marauder  
  80  13:03  Marauder  
  80  13:04  Armory  
  84  13:10  SCV  
  85  13:16  Missile Turret  
  85  13:39  Marauder x2  
  85  13:40  Marine  
  89  14:00  Marauder  
  89  14:01  Marauder  
  93  14:04  SCV  
  93  14:05  SCV x2  
  96  14:30  SCV x3  
  99  14:42  SCV x2  
  101  14:55  Medivac  
  101  14:56  Medivac  
  105  15:06  SCV x2  
  107  15:10  Missile Turret  
  107  15:12  Sensor Tower  
  90  15:40  Marine x2, Marauder  
  90  15:41  Marauder  
  84  15:53  SCV x3  
  87  15:58  Marine x2  
  87  16:02  Marauder x2  
  93  16:05  SCV x2  
  93  16:07  Refinery  
  93  16:08  Refinery  
  95  16:11  Refinery  
  95  16:17  Refinery  
  93  16:42  Missile Turret  
  93  16:44  Marine x2, Missile Turret  
  93  16:45  Marine x2  
  97  16:58  Terran Infantry Weapons Level 2  
  97  17:02  Marine x2  
  97  17:03  Marine x2, SCV  
  97  17:04  SCV x2  
  104  17:16  SCV x3  
  104  17:20  Marine  
  108  17:27  Medivac x2  
  112  17:30  SCV x2  
  112  17:31  SCV  
  115  17:42  SCV  
  115  17:43  Concussive Shells  
  116  17:46  Missile Turret  
  116  17:48  Terran Infantry Armor Level 2  
  116  18:47  SCV  
  117  18:54  SCV x2  
  117  19:05  SCV  
  117  19:06  SCV x2  
  82  19:20  Siege Tank  
Tags
 
Composition
MMM Bio
Matchup
PvT
Replay Pack
All Mines
Spawn Locations
Cross Positions
Add a new tag
Caveats
  • Supply blocks, unpowered buildings, or Contaminate may cause inaccurate times.
  • Supply counts are checked every 10 seconds.